 Dungeon Crawl Stone Soup version 0.31-a0-986-g5e6e4ef867 (console) character file.

Game seed: 7269942399440139222

20319 jejorda2 the Cleaver (level 12, -5/145 HPs)
             Began as a Gnoll Berserker on Nov 19, 2023.
             Was an Elder of Trog.
             Slain by a cane toad (18 damage)
             ... on level 2 of the Lair of Beasts.
             The game lasted 00:25:55 (10423 turns).

jejorda2 the Cleaver (Gnoll Berserker)             Turns: 10423, Time: 00:25:55

Health: -5/145     AC: 16    Str: 26    XL:     12   Next: 78%
Magic:  23/23      EV: 11    Int:  6    God:    Trog [****..]
Gold:   916        SH:  0    Dex: 13    Spells: 26/26 levels left

rFire   . . .        a - +6 battleaxe (vamp)
rCold   + + .        (shield currently unavailable)
rNeg    + + +        n - +0 plate armour
rPois   .            (no helmet)
rElec   .            (no cloak)
rCorr   .            z - +0 pair of gloves
SInv    .            l - +0 pair of boots "Heumm" {Drain rC++ rN++}
Will    .....        s - amulet "Wiotis" {Acrobat Regen+ Str+5} Stlth
                     y - ring of flight
HPRegen 1.24/turn    B - ring of positive energy
MPRegen 0.18/turn

%: acrobat
@: berserking, lethally poisoned (-5 -> -16), flying, very quick
A: fangs 1, strong nose, distributed training
a: Renounce Religion, Berserk, Trog's Hand, Brothers in Arms


You were on level 2 of the Lair of Beasts.
You worshipped Trog.
Trog was greatly pleased with you.
You visited 2 branches of the dungeon, and saw 15 of its levels.

You collected 916 gold pieces.

Inventory:

Hand Weapons
 a - a +6 vampiric battleaxe (weapon)
 b - the +7 staff of the Meek {protect, meekguard}
   (You found it on level 8 of the Dungeon)
Missiles
 d - 2 throwing nets
 f - 11 boomerangs (quivered)
 r - 12 poisoned darts
 E - a curare-tipped dart
Armour
 l - the +0 pair of boots "Heumm" (worn) {Drain rC++ rN++}
   (You acquired it on level 7 of the Dungeon)

   rC++:      It greatly protects you from cold.
   rN++:      It greatly protects you from negative energy.
   Drain:     It drains your maximum health when unequipped.
 n - a +0 plate armour (worn)
 z - a +0 pair of gloves (worn)
Jewellery
 j - a ring of positive energy
 s - the amulet "Wiotis" (around neck) {Acrobat Regen+ Str+5}
   (You found it on level 4 of the Dungeon)

   [amulet of the acrobat]

   Acrobat:   It increases your evasion while moving and waiting.
   Str+5:     It affects your strength (+5).
   Regen+:    It increases your rate of health regeneration.
 y - a ring of flight (left hand)
 B - a ring of positive energy (right hand)
Wands
 c - a wand of paralysis (11)
 u - a wand of roots (13)
 v - a wand of flame (46)
 D - a wand of polymorph (9)
Scrolls
 e - 5 scrolls of teleportation
 i - a scroll of blinking
 o - a scroll of enchant weapon
 p - 2 scrolls of fog
 q - 3 scrolls of fear
Potions
 g - 4 potions of might
 h - 2 potions of heal wounds
 k - 5 potions of enlightenment
 m - 3 potions of attraction
 t - a potion of mutation {unknown}
 w - 2 potions of curing
 x - 2 potions of degeneration {unknown}
 A - 4 potions of invisibility
 C - 4 potions of haste
 H - 2 potions of cancellation


   Skills:
 + Level 10.2 Fighting
 + Level 7.7 Short Blades
 + Level 7.7 Long Blades
 + Level 10.2 Axes
 + Level 7.7 Maces & Flails
 + Level 7.7 Polearms
 + Level 7.7 Staves
 + Level 7.7 Ranged Weapons
 + Level 7.7 Throwing
 + Level 9.1 Armour
 + Level 9.1 Dodging
 + Level 7.7 Stealth
 + Level 7.7 Shields
 + Level 7.7 Unarmed Combat
 + Level 7.7 Spellcasting
 + Level 6.4 Conjurations
 + Level 6.4 Hexes
 + Level 6.4 Summonings
 + Level 6.4 Necromancy
 + Level 6.4 Translocations
 + Level 6.4 Transmutations
 + Level 6.4 Fire Magic
 + Level 6.4 Ice Magic
 + Level 6.4 Air Magic
 + Level 6.4 Earth Magic
 + Level 6.4 Poison Magic
 + Level 8.5 Invocations
 + Level 7.7 Evocations
 + Level 7.1 Shapeshifting


You had 26 spell levels left.
You didn't know any spells.
Your spell library was empty.

Dungeon Overview and Level Annotations

Branches:
Dungeon (13/15)            Temple (0/1) D:5            Lair (2/5) D:8
    Orc (0/2) D:12
  Swamp: Lair:2-3    Shoals: Lair:2-3     Snake: Lair:2-3    Spider: Lair:2-3
 Vaults: D:13-14

Altars:
Ashenzari
Hepliaklqana
Ru
Sif Muna
Xom

Shops:
D:4 :   D:10 [

Annotations:
D:7 1 exclusion, Jeremiah
D:8 2 transporters, zenocrate's ghost, novice VSIE


Innate Abilities, Weirdness & Mutations

You have very sharp teeth.
Your uncanny sense of smell can sniff out nearby items.
Your experience applies equally to all skills.


Message History

You closely miss the cane toad.
The cane toad is lightly wounded.
You feel very sick. The cane toad stings you!
You are too injured to fight recklessly!
You are too injured to fight recklessly!
You are too injured to fight recklessly!
You are too injured to fight recklessly!
You are too injured to fight recklessly!
You barely miss the cane toad.
The cane toad is lightly wounded.
You feel very sick. The cane toad stings you!
You are more poisoned.
The cane toad poisons you! The cane toad closely misses you.
You closely miss the cane toad. Your bite misses the cane toad.
The cane toad is lightly wounded.
You feel extremely sick. The cane toad barely misses you.
You slash the cane toad!
You feel better.
The cane toad is moderately wounded.
You feel very sick. The cane toad stings you!
* * * LOW HITPOINT WARNING * * *
You are lethally poisoned!
The cane toad poisons you!
A bullfrog comes into view.
The cane toad closely misses you.
A red film seems to cover your vision as you go berserk!
You feel yourself moving faster!
You feel mighty!
You feel extremely sick.
The bullfrog gives a loud, deep croak!
You hear a howl!
The cane toad stings you.
* * * LOW HITPOINT WARNING * * *
You hit the cane toad but do no damage.
The cane toad is moderately wounded.
* * * LOW HITPOINT WARNING * * *
You feel very sick. The cane toad stings you!!
You die...

#..
......P...... P.
........... ##.#
..> ....# #...
#.# .... P.#
#..###.##..# ..#
# ##..#....#.#
...
###.#........†.#
#.#
.......#.#..####
#.## ##...@##.##
##..# ##PF.##..#
#.... ##.###.##
#.<.# #F #.#
#..## #. #.#
##.# .. #.# #.#
## #.# ###
####.# #..
#.###.#..## #.#
#.........#


You could see a cane toad and a bullfrog.

Vanquished Creatures
  A hydra (D:11)
  2 boulder beetles
  2 two-headed ogres
  Erica (D:8)
  Pikel (D:4)
  A cyclops (D:11)
  A black mamba (Lair:1)
  10 elephants (Lair:1)
  3 cane toads
  Maggie (D:10)
  4 komodo dragons (Lair:1)
  2 polar bears (Lair:2)
  Grinder (D:3)
  A hornet (D:8)
  2 trolls
  2 vampires
  14 yaks
  A basilisk (Lair:2)
  3 steam dragons
  3 vampire mosquitoes (D:12)
  3 acid dragons (D:12)
  Edmund (D:6)
  5 water moccasins (Lair:1)
  Duvessa (D:6)
  2 ice beasts (D:7)
  A black bear (Lair:1)
  2 sky beasts (D:7)
  An ogre (D:5)
  5 orc warriors
  4 centaurs
  2 kobold brigands
  7 bullfrogs
  2 scorpions (D:5)
  2 gnoll sergeants
  6 wights
  Dowan (D:6)
  12 killer bees
  4 howler monkeys
  A crimson imp (D:6)
  2 hounds
  A jelly (D:8)
  17 orc priests
  3 sleepcaps
  5 iguanas
  14 orc wizards
  13 gnolls
  8 adders
  6 white imps
  2 worms (D:2)
  A dart slug (D:4)
  39 orcs
  2 endoplasms (D:3)
  4 giant cockroaches
  8 goblins
  11 hobgoblins
  2 quokkas
  12 ball pythons
  6 bats
  7 frilled lizards
  15 kobolds
  A rat (D:3)
297 creatures vanquished.

Notes
Turn   | Place    | Note
-------+----------+-------------------------------------------
     0 | D:1      | jejorda2 the Gnoll Berserker began the quest for the Orb.
     0 | D:1      | Reached XP level 1. HP: 23/23 MP: 1/1
   217 | D:1      | Reached XP level 2. HP: 24/29 MP: 2/2
   538 | D:1      | Reached XP level 3. HP: 35/35 MP: 3/3
   889 | D:2      | Reached skill level 1 in Invocations
  1062 | D:2      | Reached skill level 1 in Short Blades
  1062 | D:2      | Reached skill level 1 in Long Blades
  1062 | D:2      | Reached skill level 1 in Maces & Flails
  1062 | D:2      | Reached skill level 1 in Polearms
  1062 | D:2      | Reached skill level 1 in Staves
  1062 | D:2      | Reached skill level 1 in Ranged Weapons
  1062 | D:2      | Reached skill level 1 in Throwing
  1062 | D:2      | Reached skill level 1 in Stealth
  1062 | D:2      | Reached skill level 1 in Shields
  1062 | D:2      | Reached skill level 1 in Unarmed Combat
  1062 | D:2      | Reached skill level 1 in Spellcasting
  1062 | D:2      | Reached skill level 1 in Evocations
  1106 | D:2      | Reached ** piety under Trog
  1268 | D:2      | Reached XP level 4. HP: 40/41 MP: 5/5
  1301 | D:2      | Reached skill level 1 in Shapeshifting
  1510 | D:3      | Noticed Grinder
  1520 | D:3      | Killed Grinder
  1521 | D:3      | Reached skill level 5 in Armour
  1521 | D:3      | Reached skill level 5 in Dodging
  1521 | D:3      | Reached skill level 1 in Conjurations
  1521 | D:3      | Reached skill level 1 in Hexes
  1521 | D:3      | Reached skill level 1 in Summonings
  1521 | D:3      | Reached skill level 1 in Necromancy
  1521 | D:3      | Reached skill level 1 in Translocations
  1521 | D:3      | Reached skill level 1 in Transmutations
  1521 | D:3      | Reached skill level 1 in Fire Magic
  1521 | D:3      | Reached skill level 1 in Ice Magic
  1521 | D:3      | Reached skill level 1 in Air Magic
  1521 | D:3      | Reached skill level 1 in Earth Magic
  1521 | D:3      | Reached skill level 1 in Poison Magic
  1521 | D:3      | Reached XP level 5. HP: 47/47 MP: 5/7
  1521 | D:3      | Reached XP level 6. HP: 53/53 MP: 5/8
  1772 | D:3      | Found a sacrificial altar of Ru.
  1833 | D:3      | Found a faded altar of an unknown god.
  2486 | D:4      | Identified the amulet "Wiotis" {Acrobat Regen+ Str+5}
  2547 | D:4      | Found Fegrisha's Self-Published Books.
  2835 | D:4      | Noticed Pikel
  2860 | D:4      | Killed Pikel
  2861 | D:4      | Reached XP level 7. HP: 27/60 MP: 9/11
  3157 | D:5      | Entered Level 5 of the Dungeon
  3164 | D:5      | Reached XP level 8. HP: 67/67 MP: 12/12
  3182 | D:5      | Found a hazy altar of Hepliaklqana.
  3347 | D:5      | Found a staircase to the Ecumenical Temple.
  4255 | D:6      | Noticed Dowan
  4257 | D:6      | Noticed Duvessa
  4262 | D:6      | Killed Dowan
  4275 | D:6      | Killed Duvessa
  4276 | D:6      | Reached XP level 9. HP: 73/73 MP: 14/14
  4445 | D:6      | Noticed Edmund
  4457 | D:6      | Killed Edmund
  4907 | D:7      | Reached *** piety under Trog
  4994 | D:7      | Reached skill level 5 in Invocations
  5135 | D:7      | Noticed Jeremiah
  5194 | D:8      | Noticed a hornet
  5202 | D:8      | Killed a hornet
  5203 | D:8      | Reached XP level 10. HP: 80/80 MP: 17/17
  5300 | D:7      | Identified a scroll of acquirement
  5300 | D:7      | Acquired the +0 pair of boots "Heumm" {Drain rC++ rN++}
  5592 | D:8      | Reached skill level 5 in Short Blades
  5592 | D:8      | Reached skill level 5 in Long Blades
  5592 | D:8      | Reached skill level 5 in Maces & Flails
  5592 | D:8      | Reached skill level 5 in Polearms
  5592 | D:8      | Reached skill level 5 in Staves
  5592 | D:8      | Reached skill level 5 in Ranged Weapons
  5592 | D:8      | Reached skill level 5 in Throwing
  5592 | D:8      | Reached skill level 5 in Stealth
  5592 | D:8      | Reached skill level 5 in Shields
  5592 | D:8      | Reached skill level 5 in Unarmed Combat
  5592 | D:8      | Reached skill level 5 in Spellcasting
  5592 | D:8      | Reached skill level 5 in Evocations
  5675 | D:8      | Noticed a centaur warrior
  5677 | D:8      | Noticed a cyclops
  5704 | D:8      | Found a transporter.
  5743 | D:8      | Found a transporter.
  5755 | D:8      | Found a staircase to the Lair.
  5772 | D:8      | Noticed Erica
  5778 | D:8      | Killed Erica
  5833 | D:8      | Noticed zenocrate's ghost (novice VSIE)
  5987 | D:8      | Found the +7 staff of the Meek {protect, meekguard}
  6108 | D:9      | Reached skill level 5 in Shapeshifting
  6213 | D:9      | Noticed a two-headed ogre
  6221 | D:9      | Killed a two-headed ogre
  6321 | D:9      | Reached **** piety under Trog
  6577 | D:10     | Entered Level 10 of the Dungeon
  6759 | D:10     | Reached XP level 11. HP: 89/89 MP: 19/19
  6806 | D:10     | Found a shimmering blue altar of Sif Muna.
  6806 | D:10     | Found a shimmering altar of Xom.
  6806 | D:10     | Found a broken altar of Ashenzari.
  6841 | D:10     | Found Pacow's Armour Shop.
  7135 | D:10     | Noticed Maggie
  7140 | D:10     | Killed Maggie
  7141 | D:10     | Reached skill level 5 in Conjurations
  7141 | D:10     | Reached skill level 5 in Hexes
  7141 | D:10     | Reached skill level 5 in Summonings
  7141 | D:10     | Reached skill level 5 in Necromancy
  7141 | D:10     | Reached skill level 5 in Translocations
  7141 | D:10     | Reached skill level 5 in Transmutations
  7141 | D:10     | Reached skill level 5 in Fire Magic
  7141 | D:10     | Reached skill level 5 in Ice Magic
  7141 | D:10     | Reached skill level 5 in Air Magic
  7141 | D:10     | Reached skill level 5 in Earth Magic
  7141 | D:10     | Reached skill level 5 in Poison Magic
  7526 | D:11     | Noticed a cyclops
  7531 | D:11     | Killed a cyclops
  7877 | D:11     | Noticed an eight-headed hydra
  7886 | D:11     | Killed an eight-headed hydra
  8494 | D:12     | Noticed a boulder beetle
  8507 | D:12     | Killed a boulder beetle
  8543 | D:12     | Found a staircase to the Orcish Mines.
  8974 | D:12     | Noticed a two-headed ogre
  8981 | D:12     | Killed a two-headed ogre
  9528 | Lair:1   | Entered Level 1 of the Lair of Beasts
  9671 | Lair:1   | Reached XP level 12. HP: 91/97 MP: 22/22
  9887 | Lair:1   | Reached skill level 10 in Fighting
  9887 | Lair:1   | Reached skill level 10 in Axes
 10335 | Lair:2   | Noticed a boulder beetle
 10358 | Lair:2   | Killed a boulder beetle
 10423 | Lair:2   | Slain by a cane toad

Illustrated notes

Levels and vault maps discovered:
D:1:      tekkud_arrival_beachfront_property, layout_loops_cross
D:2:      layout_rooms
D:3:      layout_loops_corners, mainiacjoe_overflow_alcove_4,
          chequers_ecumenical_altar_simple_redux, uniq_grinder
D:4:      layout_loops_ring, nicolae_custom_books, uniq_pikel
D:5:      layout_loops_ring, mainiacjoe_overflow_cross_hatched, temple_green,
          hangedman_glass_teeth
D:6:      layout_gridville, minmay_fire_ice_demons, uniq_edmund, uniq_duvessa
D:7:      layout_rooms, uniq_jeremiah, uniq_crazy_yiuf_cottage
D:8:      layout_cave_pools, dpeg_oklobed_lair, nzn_ghost_randoct,
          pf_guarded_unrand_meek, uniq_erica
D:9:      layout_big_octagon
D:10:     layout_loops_ring, gammafunk_temple_overflow_forgotten, serial_shops,
          nicolae_shop_peninsula, serial_aquarium, aquarium_bridge_square
          [aquarium_subvault_window, aquarium_subvault_balcony,
          aquarium_subvault_wall, aquarium_subvault_bridge],
          aquarium_bridge_square [aquarium_subvault_bridge,
          aquarium_subvault_bridge, aquarium_subvault_wall,
          aquarium_subvault_wall], aquarium_window_corridor_3,
          aquarium_window_1, aquarium_window_1, aquarium_window_corner,
          aquarium_view_2c, aquarium_view_2c, aquarium_pool_four, uniq_maggie
D:11:     layout_long_grid
D:12:     layout_loops_corners, minmay_orc_entry_temple_small, serial_glass,
          glass_columns_a, glass_columns_b, amcnicky_mini_rare_corridor_liquid
D:13:     layout_loops_corners, serial_undead, serial_undead_a, serial_undead_e,
          serial_undead_b, serial_undead_c, serial_undead_f, serial_undead_f,
          uniq_maurice
Lair:1:   layout_gridlike, minivault_19
Lair:2:   layout_loops_ring, spider_nest_entry_a, chequers_serial_rivers_room_b,
          roderic_batcave

Skill      XL: |  1  2  3  4  5  6  7  8  9 10 11 12 |
---------------+-------------------------------------+-----
Invocations    | 1 2 3 4 5 6 7 8 |  8.5
Short Blades   | 1 2 3 4 5 6 7 |  7.7
Long Blades    | 1 2 3 4 5 6 7 |  7.7
Maces & Flails | 1 2 3 4 5 6 7 |  7.7
Polearms       | 1 2 3 4 5 6 7 |  7.7
Staves         | 1 2 3 4 5 6 7 |  7.7
Ranged Weapons | 1 2 3 4 5 6 7 |  7.7
Throwing       | 1 2 3 4 5 6 7 |  7.7
Stealth        | 1 2 3 4 5 6 7 |  7.7
Shields        | 1 2 3 4 5 6 7 |  7.7
Unarmed Combat | 1 2 3 4 5 6 7 |  7.7
Spellcasting   | 1 2 3 4 5 6 7 |  7.7
Evocations     | 1 2 3 4 5 6 7 |  7.7
Shapeshifting  | 1 2 3 4 5 6 7 |  7.1
Armour         | 5 6 7 8 9 |  9.1
Dodging        | 5 6 7 8 9 |  9.1
Conjurations   | 1 2 3 4 5 6 |  6.4
Hexes          | 1 2 3 4 5 6 |  6.4
Summonings     | 1 2 3 4 5 6 |  6.4
Necromancy     | 1 2 3 4 5 6 |  6.4
Translocations | 1 2 3 4 5 6 |  6.4
Transmutations | 1 2 3 4 5 6 |  6.4
Fire Magic     | 1 2 3 4 5 6 |  6.4
Ice Magic      | 1 2 3 4 5 6 |  6.4
Air Magic      | 1 2 3 4 5 6 |  6.4
Earth Magic    | 1 2 3 4 5 6 |  6.4
Poison Magic   | 1 2 3 4 5 6 |  6.4
Fighting       | 7 8 9 10 | 10.2
Axes           | 7 8 9 10 | 10.2

Action                     |  1- 3 |  4- 6 |  7- 9 | 10-12 || total
---------------------------+-------+-------+-------+-------++-------
  Melee: Hand axe          |   130 |   138 |     4 |       ||   272
         Bite              |    10 |    17 |    27 |    54 ||   108
         Punch             |     1 |     3 |     7 |       ||    11
         War axe           |       |       |   207 |    28 ||   235
         Battleaxe         |       |       |       |   374 ||   374
         Unarmed           |       |       |       |     9 ||     9
         Quarterstaff      |       |       |       |     5 ||     5
  Throw: Boomerang         |       |       |       |     7 ||     7
         Dart              |       |       |       |     9 ||     9
 Invoke: Berserk           |     1 |     3 |     6 |    13 ||    23
         Trog's Hand       |       |     1 |     2 |     6 ||     9
    Use: Scroll            |       |       |       |    22 ||    22
 Armour: Animal skin       |    11 |       |       |       ||    11
         Ring mail         |    17 |       |       |       ||    17
         Scale mail        |    22 |       |       |       ||    22
         Plate armour      |     8 |    99 |   150 |   496 ||   753
         Skin              |       |       |       |     9 ||     9
  Dodge: Dodged            |    73 |    37 |    90 |   301 ||   501
  Block: Buckler           |       |       |       |     3 ||     3

Table legend: (Time is in decaauts)
 A = Elapsed time spent in this place.
 B = Non-inter-level travel time spent in this place.
 C = Inter-level travel time spent in this place.
 D = Time resting spent in this place.
 E = Time spent auto-exploring this place.
 F = Levels seen in this place.
 G = Mean time per level.
                   A        B        C        D        E       F      G
               +--------+--------+--------+--------+--------+-----+--------+
         Total |  10708 |  10111 |    597 |   1088 |   6968 |  15 |  713.9 |
       Dungeon |   9764 |   9176 |    588 |   1028 |   6367 |  13 |  751.1 |
          Lair |    944 |    935 |      9 |     59 |    601 |   2 |  472.0 |
               +--------+--------+--------+--------+--------+-----+--------+

Top non-repeatable levels by time:
    D:12: 1132 daAuts
    D:10: 1121 daAuts
     D:6: 974 daAuts
     D:3: 906 daAuts
     D:1: 890 daAuts
  Lair:1: 772 daAuts
     D:5: 726 daAuts
    D:11: 722 daAuts
     D:8: 715 daAuts
     D:4: 711 daAuts
     D:2: 685 daAuts
     D:7: 669 daAuts
     D:9: 504 daAuts
  Lair:2: 171 daAuts
    D:13: 3 daAuts
